 Dungeon Crawl Stone Soup version 0.17.0-28-g6e173f8 (console) character file.

14 Kloppie the Chiller (level 2, -2/25 HPs)
             Began as a Naga Ice Elementalist on Dec 3, 2015.
             Slain by a jackal (3 damage)
             ... on level 1 of the Dungeon.
             The game lasted 00:01:43 (1009 turns).

Kloppie the Chiller (Naga Ice Elementalist)         Turns: 1009, Time: 00:01:43

Health: -2/25      AC:  1    Str: 10    XL:     2   Next: 45%
Magic:  0/5        EV: 10    Int: 20    God:
Gold:   42         SH:  0    Dex: 11    Spells: 1 memorised, 4 levels left

rFire  . . .     SeeInvis +     h - +0 club
rCold  . . .     Clarity  .     a - +0 robe
rNeg   . . .     SustAt   .     (no shield)
rPois  +         Gourm    .     (no helmet)
rElec  .         Spirit   .     (no cloak)
rCorr  .         Warding  .     (no gloves)
rMut   .         Stasis   .     (no barding)
MR     .....                    (no amulet)
Stlth  ++........               (no ring)
                                (no ring)

@: brilliant, very slow, not resistant to hostile enchantments, unstealthy
A: see invisible, deformed body, poison resistance, slowness 2, slow metabolism
1, spit poison 2, AC +0
a: Spit Poison


You were on level 1 of the Dungeon.
You were not hungry.

You visited 1 branch of the dungeon, and saw 1 of its levels.

You collected 42 gold pieces.

Inventory:

Hand Weapons
 h - a +0 club (weapon)
Armour
 a - a +0 robe (worn)
Jewellery
 j - a +3 ring of protection {unknown}
Scrolls
 d - 2 scrolls of noise {unknown}
 e - a scroll of random uselessness {unknown}
 f - 2 scrolls of identify {unknown}
 g - a scroll of recharging {unknown}
 k - a scroll of blinking {unknown}
Books
 b - a book of Frost

   Spells                             Type                      Level
   a - Freeze                         Ice                          1
   b - Throw Frost                    Conjuration/Ice              2
   c - Ozocubu's Armour               Charms/Ice                   3
   d - Throw Icicle                   Conjuration/Ice              4
   e - Summon Ice Beast               Ice/Summoning                4
   f - Condensation Shield            Ice                          4
Comestibles
 c - a bread ration
 i - a meat ration


   Skills:
 + Level 1.1 Fighting
 - Level 1.5 Dodging
 - Level 3.0 Stealth
 + Level 2.3 Spellcasting
   Level 1.0 Conjurations
 + Level 3.2 Ice Magic


You had 4 spell levels left.
You knew the following spells:

 Your Spells              Type           Power        Failure   Level  Hunger
a - Freeze                Ice            ####         1%          1    #......


Dungeon Overview and Level Annotations

Branches:
Dungeon (1/15)

Altars:


Innate Abilities, Weirdness & Mutations

You cannot wear boots.
Your serpentine skin is tough (AC +0).
You have supernaturally acute eyesight.
Armour fits poorly on your strangely shaped body.
Your system is resistant to poisons.
You cover ground very slowly.
You have a slow metabolism.
You can spit poison.


Message History

Confirm with . or Enter, or press ? or * to list all spells.
Aiming: Freeze
Press: ? - help, Shift-Dir - straight line, f/p - jackal
Aim: a jackal (moderately wounded)
You freeze the jackal.
The jackal is almost dead.
The jackal barely misses you. The jackal closely misses you.
Casting: Freeze
Confirm with . or Enter, or press ? or * to list all spells.
You don't have enough magic to cast that spell.
There are monsters nearby!
Casting: Freeze
Confirm with . or Enter, or press ? or * to list all spells.
You don't have enough magic to cast that spell.
There are monsters nearby!
Drink which item? (? for menu, Esc to quit)
It was a potion of brilliance.
You feel clever all of a sudden. The jackal bites you.
You die...

..........##.###.###########.###
..........######..............##
#########.........#####..###..##
#################.(# #..###..##
........# #.# ##(## #........(
........# #.######..###.###..###
........# #.............# #..#..
........# #..######.#######..+..
........# #..#.@.............#..
......%.###..#h#........####.#..
.............gs#.............#..
.............r.#.........##..#..
...............#.........##.....
...............#.............###
...............#........##.#....
...............#........##.#.###
.........##..#.#######.###.#.#


You could see a jackal, a giant cockroach, a hobgoblin and a rat.

Vanquished Creatures
  2 goblins (D:1)
  3 hobgoblins (D:1)
  A jackal (D:1)
  4 kobolds (D:1)
  A bat (D:1)
  2 rats (D:1)
13 creatures vanquished.

Notes
Turn   | Place    | Note
--------------------------------------------------------------
     0 | D:1      | Kloppie the Naga Ice Elementalist began the quest for the Orb.
     0 | D:1      | Reached XP level 1. HP: 15/15 MP: 3/3
   558 | D:1      | Reached XP level 2. HP: 12/24 MP: 0/5
   773 | D:1      | Reached skill level 1 in Fighting
  1007 | D:1      | HP: 1/25 [jackal (2)]
  1009 | D:1      | Slain by a jackal

Action                   || total
-------------------------++-------
Melee: Club              ||    11
       Unarmed           ||     3
 Cast: Freeze            ||    17
 Abil: Spit Poison       ||     2
  Use: Potion            ||     1
 Stab: Sleeping          ||     1
